 Dungeon Crawl Stone Soup version 0.28.0-53-g5a82cb258f (webtiles) character file.

Game seed: 2835823625715908988

79 issech the Chopper (level 4, -3/41 HPs)
             Began as a Minotaur Monk on May 31, 2022.
             Killed from afar by an orc wizard (6 damage)
             ... with a magic dart
             ... on level 3 of the Dungeon.
             The game lasted 00:03:49 (2066 turns).

issech the Chopper (Minotaur Monk)                  Turns: 2066, Time: 00:03:50

Health: -3/41      AC: 10    Str: 15    XL:     4   Next: 16%
Magic:  3/3        EV:  5    Int:  7    God:
Gold:   9          SH:  0    Dex: 15    Spells: 3/3 levels left

rFire   . . .      SeeInvis .   u - +1 mace (protect)
rCold   . . .      Faith    .   (no shield)
rNeg    . . .      Spirit   .   j - +0 plate armour
rPois   .          Reflect  .   (helmet restricted)
rElec   .          Harm     .   (no cloak)
rCorr   .          Rampage  .   (no gloves)
Will    .....                   (no boots)
Stlth   ..........              (no amulet)
HPRegen 0.13/turn               (no ring)
MPRegen 0.08/turn               (no ring)

@: no status effects
A: horns 2, retaliatory headbutt
a: no special abilities


You were on level 3 of the Dungeon.
You visited 1 branch of the dungeon, and saw 3 of its levels.

You collected 9 gold pieces.

Inventory:

Hand Weapons
 a - a +0 hand axe
 f - a +0 hunting sling
 m - a +0 trident
 p - a +0 club
 q - a +0 dagger
 r - a +0 club
 s - a +0 club
 t - a +0 dagger
 u - a +1 mace of protection (weapon)
Missiles
 c - 17 arrows
 d - 31 bolts
 e - 21 sling bullets
 h - a poisoned dart (quivered)
 i - 29 stones
Armour
 b - a +0 robe
 g - a +0 scale mail
 j - a +0 plate armour (worn)
 n - a +0 animal skin
 o - a +0 helmet
Jewellery
 v - an amulet of the acrobat
Scrolls
 w - a scroll of identify {unknown}
 x - a scroll of immolation {unknown}
Potions
 k - 2 potions of flight {unknown}
 l - a potion of lignification {unknown}


   Skills:
 + Level 4.4 Fighting
 + Level 4.7 Axes
 + Level 0.8 Armour
 + Level 4.0 Dodging
 + Level 1.7 Stealth


You had 3 spell levels left.
You didn't know any spells.
Your spell library contained the following spells:

 Spells                   Type           Power      Damage    Failure   Level
 Malign Gateway           Summ/Tloc      0%         N/A       100%        7
 Summon Horrible Things   Summ           0%         N/A       100%        8


Dungeon Overview and Level Annotations

Branches:
Dungeon (3/15)

Altars:

Shops:
D:2 (


Innate Abilities, Weirdness & Mutations

You have a pair of horns on your head.
You reflexively headbutt those who attack you in melee.


Message History

Something hits you but does no damage. x3
You closely miss something. Something hits you.
You hear some strange, mumbled words.
A magic dart appears from out of thin air!
The magic dart hits you.
You hear some strange, mumbled words.
You are confused.
An orc wizard appears from thin air!
Reactivating autopickup.
The orc wizard completely misses you.
You sock the orc wizard!
Your weapon exudes an aura of protection.
The orc wizard is heavily wounded.
The orc wizard hits you but does no damage.
Something hits you but does no damage.
Deactivating autopickup; reactivate with Ctrl-A.
You closely miss the orc wizard. Your headbutt misses the orc wizard.
The orc wizard is heavily wounded.
The orc wizard gestures wildly while chanting.
The orc wizard flickers and vanishes!
Something hits you. Something hits you but does no damage.
You hit something. Something hits you but does no damage.
You hear some strange, mumbled words.
A puff of flame appears from out of thin air!
The puff of flame hits you but does no damage.
You hear some strange, mumbled words.
A puff of flame appears from out of thin air!
The puff of flame hits you!
You completely miss something. Your headbutt misses something.
You feel less confused. Something hits you but does no damage.
You hear some strange, mumbled words.
A magic dart appears from out of thin air!
The magic dart hits you!
* * * LOW HITPOINT WARNING * * *
You miss something.
You hear some strange, mumbled words.
A magic dart appears from out of thin air!
The magic dart hits you.
You die...

....##. .
#.......#..
###....#.... ####
## ..........##...
...##............#
................#
......? #.....#
.......###.†.@.#
.........(..{{.#
...>......#.)..#
.......####....#
....... #....#
....... #....#
####### ######


There were no monsters in sight!

Vanquished Creatures
  Robin (D:2)
  2 adders (D:2)
  2 dart slugs
  An orc (D:3)
  2 ball pythons
  4 bats
  2 endoplasms (D:1)
  3 giant cockroaches
  8 goblins
  5 hobgoblins
  3 jackals (D:2)
  3 quokkas (D:1)
  2 frilled lizards (D:2)
  A kobold (D:1)
  2 rats
41 creatures vanquished.

Notes
Turn   | Place    | Note
-------+----------+-------------------------------------------
     0 | D:1      | issech the Minotaur Monk began the quest for the Orb.
     0 | D:1      | Reached XP level 1. HP: 19/19 MP: 0/0
   169 | D:1      | Reached XP level 2. HP: 23/27 MP: 1/1
   936 | D:2      | Found Ithri's Weapon Boutique.
   998 | D:2      | Reached XP level 3. HP: 30/33 MP: 2/2
  1291 | D:2      | Noticed Robin
  1310 | D:2      | Killed Robin
  1311 | D:2      | Reached XP level 4. HP: 6/41 MP: 3/3
  2066 | D:3      | Killed from afar by an orc wizard

Illustrated notes

Levels and vault maps discovered:
D:1:      dpeg_arrival_simpleton_c, layout_basic
D:2:      layout_basic, serial_shops, shop, uniq_robin
D:3:      layout_rooms, ebering_ecumenical_altar_webs, grunt_decor_fettered,
          minmay_misc_feat_iff, grunt_ministairs_12, uniq_terence, uniq_grinder

Skill      XL: |  1  2  3  4 |
---------------+-------------+-----
Axes           | 4 |  4.7
Fighting       | 4 |  4.4
Dodging        | 4 |  4.0
Armour         | |  0.8
Stealth        | |  1.7

Action                   |  1- 3 |  4- 6 || total
-------------------------+-------+-------++-------
Melee: Hand axe          |    82 |     1 ||    83
       Headbutt          |    14 |     4 ||    18
       Mace              |       |    20 ||    20
Throw: Dart              |       |     1 ||     1
 Stab: Sleeping          |     1 |       ||     1
Armor: Robe              |     4 |       ||     4
       Scale mail        |    15 |       ||    15
       Plate armour      |    23 |    27 ||    50
Dodge: Dodged            |    58 |     2 ||    60
